 Dungeon Crawl Stone Soup version 0.28.0 (webtiles) character file.

Game seed: 7934168691948691762

0 psuckher the Sneak (level 1, -5/18 HPs)
             Began as a Demonspawn Delver on Feb 15, 2022.
             Slain by a wyvern zombie (10 damage)
             ... on level 5 of the Dungeon.
             The game lasted 00:02:35 (275 turns).

psuckher the Sneak (Demonspawn Delver)               Turns: 275, Time: 00:02:35

Health: -5/18      AC:  3    Str: 12    XL:     1   Next: 8%
Magic:  1/1        EV: 11    Int: 11    God:
Gold:   18         SH:  0    Dex: 14    Spells: 0/0 levels left

rFire   . . .      SeeInvis .   a - +0 hand axe
rCold   . . .      Faith    .   (no shield)
rNeg    . . .      Spirit   .   b - +0 leather armour
rPois   .          Reflect  .   (no helmet)
rElec   .          Harm     .   (no cloak)
rCorr   .          Rampage  .   (no gloves)
Will    .....                   (no boots)
Stlth   ++........              (no amulet)
HPRegen 0.06/turn               (no ring)
MPRegen 0.07/turn               (no ring)

@: no status effects
A: no striking features
a: no special abilities


You were on level 5 of the Dungeon.
You visited 1 branch of the dungeon, and saw 1 of its levels.

You collected 18 gold pieces.

Inventory:

Hand Weapons
 a - a +0 hand axe (weapon)
Armour
 b - a +0 leather armour (worn)
Wands
 g - a wand of digging (3)
Scrolls
 d - 2 scrolls of magic mapping
 i - a scroll of teleportation {unknown}


   Skills:
 + Level 3.0 Fighting
 + Level 1.7 Axes
 + Level 1.7 Dodging
 + Level 4.5 Stealth


You couldn't memorise any spells.
You didn't know any spells.
Your spell library was empty.

Dungeon Overview and Level Annotations

Branches:
Dungeon (5/15)
 Temple: D:4-7

Altars:

Portals:
Ossuary: D:5


Message History

* * * LOW HITPOINT WARNING * * *
You hit the mummy.
The mummy is moderately damaged.
The mummy closely misses you.
You feel yourself speed up.
Found 5 gold pieces.
A worm comes into view.
Found 10 gold pieces and a chain mail.
Found a stone staircase leading up.
Found a stone staircase leading down.
Your extra speed is starting to run out.
You feel yourself slow down.
Found a scroll labelled WEWUCW MAVYIWOS and 14 gold pieces.
You hear the slow hiss of an avalanche of sand very nearby.
There is a shaft here.
Found a quarterstaff.
Found 18 gold pieces.
The mummy falls through a shaft!
The shaft crumbles and collapses.
You see here a +0 quarterstaff.
You now have 18 gold pieces.
You see here a +0 quarterstaff.
You hear the hiss of an avalanche of sand very nearby.
Found a stone staircase leading up.
A gnoll comes into view. It is wielding a +0 spear.
A wyvern zombie comes into view.
You hear the hiss of an avalanche of sand very nearby.
As you read the scroll of fog, it crumbles to dust.
The scroll dissolves into smoke.
A wyvern zombie is nearby!
As you read the scroll of fear, it crumbles to dust.
You assume a fearsome visage.
The wyvern zombie is unaffected.
The wyvern zombie bites you! The wyvern zombie barely misses you.
The wyvern zombie bites you.
* * * LOW HITPOINT WARNING * * *
Blink to where?
Press: ? - help, Dir - move target
Okay, then.
As you read the scroll labelled LEYPHUDGHETS, it crumbles to dust.
It was a scroll of blinking.
The wyvern zombie bites you!
Ouch! That really hurt!
You die...

.##.### ####.#####..### .#..#
#..........## ...## #.#.########
$# #### #...####### .# #
###.##......# ?# #...##....§§###
.# ####...##....§§§§# .#
#####.....###...Z§§#§## .#
#.....###.# #..§@###§§##.# .
#.#######.###..#..###§§§.#<.....
#.# #......###..####§.#.[<...
..# #.##..##.##..#...........
### #o....###'###...##........
#..#..#.......#..##........
#..#..###.....###..##$......
#..#..##∩##...## ##..#.......
.....###'###.###+###.........


You could see a wyvern zombie.

Vanquished Creatures
  A kobold zombie (D:5)
1 creature vanquished.

Notes
Turn   | Place    | Note
-------+----------+-------------------------------------------
     0 | D:5      | psuckher the Demonspawn Delver began the quest for the Orb.
     0 | D:5      | Reached XP level 1. HP: 18/18 MP: 1/1
     7 | D:5      | Noticed a two-headed ogre
   101 | D:5      | Found a sand-covered staircase.
   241 | D:5      | Noticed a wyvern zombie
   275 | D:5      | Slain by a wyvern zombie

Illustrated notes

Levels and vault maps discovered:
D:5:      layout_rooms, nicolae_ossuary_entry_giza

Action                   || total
-------------------------++-------
Melee: Hand axe          ||     5
  Use: Scroll            ||     3
       Potion            ||     1
 Stab: Sleeping          ||     1
Dodge: Dodged            ||     4
